 Dungeon Crawl Stone Soup version 0.28-a0-1594-ga885d4b3d6 (webtiles) character file.

Game seed: 6215095275668941015

142 fragbeetle the Chopper (level 5, 0/69 HPs)
             Began as a Hill Orc Monk on Jan 20, 2022.
             Succumbed to Ijyb's poison
             ... on level 4 of the Dungeon.
             The game lasted 00:04:10 (2387 turns).

fragbeetle the Chopper (Hill Orc Monk)              Turns: 2387, Time: 00:04:11

Health: 0/69       AC:  2    Str: 16    XL:     5   Next: 25%
Magic:  5/5        EV: 16    Int: 10    God:
Gold:   111        SH:  0    Dex: 13    Spells: 4/4 levels left

rFire   . . .      SeeInvis .   e - +1 mace (drain)
rCold   . . .      Faith    .   (no shield)
rNeg    . . .      Spirit   .   b - +0 robe
rPois   .          Reflect  .   (no helmet)
rElec   .          Harm     .   (no cloak)
rCorr   .          Rampage  .   (no gloves)
Will    .....                   (no boots)
Stlth   ..........              (no amulet)
HPRegen 0.21/turn               g - +4 ring of evasion
MPRegen 0.09/turn               (no ring)

@: berserking, lethally poisoned (0 -> -15), very quick
A: no striking features
a: no special abilities


You were on level 4 of the Dungeon.
You visited 1 branch of the dungeon, and saw 4 of its levels.

You collected 111 gold pieces.

Inventory:

Hand Weapons
 a - a +0 hand axe
 e - a +1 mace of draining (weapon)
Missiles
 k - 66 stones (quivered)
Armour
 b - a +0 robe (worn)
Jewellery
 g - a +4 ring of evasion (left hand)
Scrolls
 d - a scroll of summoning {unknown}
 f - 3 scrolls of identify {unknown}
 h - a scroll of enchant armour {unknown}
 j - a scroll of teleportation {unknown}
 m - a scroll of noise {unknown}
Potions
 i - a potion of cancellation {unknown}
 l - a potion of lignification {unknown}


   Skills:
 - Level 4.0 Fighting
 * Level 6.0 Axes
 + Level 2.4 Armour
 - Level 3.0 Dodging
 - Level 1.5 Stealth


You had 4 spell levels left.
You didn't know any spells.
Your spell library was empty.

Dungeon Overview and Level Annotations

Branches:
Dungeon (4/15)
 Temple: D:4-7

Altars:

Shops:
D:1 *

Annotations:
D:2 Sigmund


Message History

Ijyb misses you.
You closely miss Ijyb.
Ijyb is heavily wounded.
You feel sick. Ijyb misses you.
You closely miss Ijyb.
Ijyb is heavily wounded.
You feel sick. Ijyb barely misses you.
Ijyb hits you with a +1 dagger of venom.
* * * LOW HITPOINT WARNING * * *
You barely miss Ijyb.
Ijyb is heavily wounded.
You feel sick. Ijyb hits you but does no damage.
You are lethally poisoned!
It was a potion of berserk rage.
A red film seems to cover your vision as you go berserk!
You feel yourself moving faster!
You feel mighty!
* * * LOW HITPOINT WARNING * * *
You feel very sick. Ijyb completely misses you.
You are too berserk!
You closely miss Ijyb.
Ijyb is heavily wounded.
You feel sick.
Ijyb hits you with a +1 dagger of venom.
* * * LOW HITPOINT WARNING * * *
You hit Ijyb.
Ijyb is heavily wounded.
* * * LOW HITPOINT WARNING * * *
You feel sick.
Ijyb hits you with a +1 dagger of venom.
* * * LOW HITPOINT WARNING * * *
You are more poisoned.
You sock Ijyb!
You kill Ijyb!
* * * LOW HITPOINT WARNING * * *
You feel very sick.
Your Axes skill increases to level 6!
You are too berserk!
There is a lethal amount of poison in your body!
You die...

##
##+##.
#.....
#....##
#.....#
#...<@#
#...).#
#######


There were no monsters in sight!

Vanquished Creatures
  A water moccasin skeleton (D:2)
  Ijyb (D:4)
  An adder (D:3)
  6 ball pythons
  2 endoplasms
  3 giant cockroaches
  3 goblins
  A hobgoblin (D:1)
  12 jackals
  7 kobolds
  2 quokkas (D:1)
  3 bats
  7 frilled lizards
  5 rats
54 creatures vanquished.

Notes
Turn   | Place    | Note
-------+----------+-------------------------------------------
     0 | D:1      | fragbeetle the Hill Orc Monk began the quest for the Orb.
     0 | D:1      | Reached XP level 1. HP: 19/19 MP: 1/1
    75 | D:1      | Found a faded altar of an unknown god.
   235 | D:1      | Found Okischul's General Store.
   241 | D:1      | Reached XP level 2. HP: 27/27 MP: 2/2
   584 | D:1      | Reached skill level 1 in Armour
   668 | D:1      | Reached XP level 3. HP: 33/33 MP: 3/3
  1188 | D:2      | Reached skill level 5 in Axes
  1188 | D:2      | Reached XP level 4. HP: 10/40 MP: 4/4
  1768 | D:2      | Noticed Sigmund
  2217 | D:3      | Reached XP level 5. HP: 46/46 MP: 5/5
  2373 | D:4      | Noticed Ijyb
  2386 | D:4      | Killed Ijyb
  2386 | D:4      | HP: 2/69 [poisoned by Ijyb]
  2387 | D:4      | Reached skill level 6 in Axes
  2387 | D:4      | Succumbed to Ijyb's poison

Illustrated notes

Levels and vault maps discovered:
D:1:      kennysheep_arrival_forest, layout_loops_ring,
          ebering_ecumenical_altar_box, serial_shops, shop
D:2:      layout_loops_ring, kennysheep_nub, uniq_sigmund
D:3:      layout_basic, serial_forest, infiniplex_forest_diagonal,
          infiniplex_forest_straight_4, infiniplex_forest_lined_corner,
          infiniplex_forest_lined_3, infiniplex_forest_clump_medium
D:4:      layout_gridville, serial_undead, serial_undead_b, serial_undead_b,
          serial_undead_d, serial_undead_f, serial_undead_b, serial_undead_b,
          serial_undead_e, serial_undead_c, uniq_ijyb

Skill      XL: |  1  2  3  4  5 |
---------------+----------------+-----
Armour         | 1 2 |  2.4
Fighting       | 4 |  4.0
Axes           | 5 6 |  6.0
Dodging        | 3 |  3.0
Stealth        | |  1.5

Action                   |  1- 3 |  4- 6 || total
-------------------------+-------+-------++-------
Melee: Hand axe          |    38 |       ||    38
       Mace              |    42 |    67 ||   109
       Punch             |       |     1 ||     1
  Use: Potion            |       |     1 ||     1
 Stab: Sleeping          |     5 |     3 ||     8
       Distracted        |       |     1 ||     1
Armor: Robe              |    14 |    14 ||    28
Dodge: Dodged            |    51 |    49 ||   100

Table legend: (Time is in decaauts)
 A = Elapsed time spent in this place.
 B = Non-inter-level travel time spent in this place.
 C = Inter-level travel time spent in this place.
 D = Time resting spent in this place.
 E = Time spent auto-exploring this place.
 F = Levels seen in this place.
 G = Mean time per level.
                   A        B        C        D        E       F      G
               +--------+--------+--------+--------+--------+-----+--------+
         Total |   2417 |   2340 |     77 |    309 |   1518 |   4 |  604.2 |
       Dungeon |   2417 |   2340 |     77 |    309 |   1518 |   4 |  604.2 |
               +--------+--------+--------+--------+--------+-----+--------+

Top non-repeatable levels by time:
     D:1: 1177 daAuts
     D:2: 637 daAuts
     D:3: 587 daAuts
     D:4: 15 daAuts
